 Dungeon Crawl Stone Soup version 0.23-a0-151-gf6d1ed2 (webtiles) character file.

223 Amnesiac the Chiller (level 5, -3/35 HPs)
             Began as a Mummy Ice Elementalist on Sept 7, 2018.
             Slain by a sky beast (5 damage)
             ... on level 5 of the Dungeon on Sept 8, 2018.
             The game lasted 00:22:01 (3585 turns).

Amnesiac the Chiller (Mummy Ice Elementalist)       Turns: 3585, Time: 00:22:02

Health: -3/35      AC:  7    Str: 11    XL:     5   Next: 66%
Magic:  0/10       EV:  9    Int: 15    God:
Gold:   220        SH:  0    Dex: 18    Spells: 9/10 levels left

rFire    x . .     SeeInvis .   a - +2 hunting sling (flame)
rCold    + . .     Gourm    .   (no shield)
rNeg     + + +     Faith    +   l - +0 scale mail
rPois    ∞         Spirit   .   h - +0 helmet
rElec    .         Reflect  .   (no cloak)
rCorr    .         Harm     .   (no gloves)
MR       .....                  (no boots)
Stlth    +.........             j - amulet of faith
HPRegen  0.11/turn              g - +5 ring of dexterity
MPRegen  0.12/turn              (no ring)

@: very slightly contaminated
A: no food or potions, fire vulnerability, cold resistance 1, negative energy
resistance 3, torment resistance, unbreathing
a: no special abilities


You were on level 5 of the Dungeon.
You were not hungry.

You visited 1 branch of the dungeon, and saw 5 of its levels.

You collected 220 gold pieces.

Inventory:

Hand Weapons
 a - a +2 hunting sling of flaming (weapon)
 b - a +0 falchion
Missiles
 i - 68 stones
 k - 19 sling bullets (quivered)
Armour
 h - a +0 helmet (worn)
 l - a +0 scale mail (worn)
Jewellery
 g - a +5 ring of dexterity (left hand)
 j - an amulet of faith (around neck)
 n - an uncursed ring of protection from cold {unknown}
Scrolls
 c - 4 scrolls of remove curse {!r}
 d - 2 scrolls of teleportation {!r}
 e - a scroll of enchant armour {!r}
 f - 4 scrolls of identify {!r}
 m - a scroll of magic mapping {!r}


   Skills:
 * Level 3.4 Slings
 - Level 1.5 Dodging
 - Level 1.5 Stealth
 - Level 3.4 Spellcasting
   Level 0.7 Conjurations
 - Level 3.5 Ice Magic


You had 9 spell levels left.
You knew the following spells:

 Your Spells              Type           Power        Failure   Level  Hunger
a - Freeze                Ice            ##..         28%         1    N/A

Your spell library contained the following spells:

 Spells                   Type           Power        Failure   Level  Hunger
 Throw Frost              Conj/Ice       #.....       58%         2    N/A
 Ozocubu's Armour         Chrm/Ice       #.......     87%         3    N/A
 Summon Ice Beast         Ice/Summ       #.......     99%         4    N/A
 Throw Icicle             Conj/Ice       #.......     99%         4    N/A

Dungeon Overview and Level Annotations

Branches:
Dungeon (5/15)
 Temple: D:4-7

Altars:
Dithmenos
Trog
The Shining One


Innate Abilities, Weirdness & Mutations

You do not eat or drink.
Your flesh is vulnerable to fire.
You are immune to poison.
Your flesh is cold resistant. (rC+)
You are immune to negative energy. (rN+++)
You are immune to unholy pain and torment.
You can survive without breathing.


Message History

Casting: Freeze (safe; 28% risk of failure)
Confirm with . or Enter, or press ? or * to list all spells.
You don't know that spell.
Infinite lua loop detected, aborting.
Warning: Error parsing spell_slot string: ozo Welcome back, Amnesiac the Mummy Ice Elementalist.
Press ? for a list of commands and other information.
You start resting.
Something hits you but does no damage.
Deactivating autopickup; reactivate with Ctrl-A.
A sky beast appears from thin air!
Reactivating autopickup.
Firing (i - inventory. (/) - cycle)
k - 20 sling bullets (quivered)
Press: ? - help, Shift-Dir - straight line You shoot a sling bullet.
The sling bullet closely misses the sky beast.
The sling bullet hits the leopard gecko!
The sling bullet burns the leopard gecko.
You kill the leopard gecko!
The sky beast closely misses you.
Casting: Freeze (safe; 28% risk of failure)
Confirm with . or Enter, or press ? or * to list all spells.
Aiming: Freeze (safe; 28% risk of failure)
Press: ? - help, Shift-Dir - straight line, f - sky beast
Aim: a sky beast (almost dead)
You miscast Freeze.
Nothing appears to happen.
The sky beast hits you.
* * * LOW HITPOINT WARNING * * *
The sky beast shocks you.
* * * LOW HITPOINT WARNING * * *
Casting: Freeze (safe; 28% risk of failure)
Confirm with . or Enter, or press ? or * to list all spells.
Okay, then.
Casting: Freeze (safe; 28% risk of failure)
Confirm with . or Enter, or press ? or * to list all spells.
Aiming: Freeze (safe; 28% risk of failure)
Press: ? - help, Shift-Dir - straight line, f/p - sky beast
Aim: a sky beast (almost dead)
You freeze the sky beast.
The sky beast is almost dead.
The sky beast hits you but does no damage.
Casting: Freeze (safe; 28% risk of failure)
Confirm with . or Enter, or press ? or * to list all spells.
Okay, then.
The sky beast flickers out of sight!
Deactivating autopickup; reactivate with Ctrl-A.
Found a leather armour.
A sky beast appears from thin air!
Reactivating autopickup.
An ogre comes into view. It is wielding a giant club.
The ogre shouts!
Casting: Freeze (safe; 28% risk of failure)
Confirm with . or Enter, or press ? or * to list all spells.
Aiming: Freeze (safe; 28% risk of failure)
Press: ? - help, Shift-Dir - straight line, f/p - sky beast
Aim: a sky beast (almost dead)
You miscast Freeze.
Nothing appears to happen.
The sky beast flickers out of sight!
Deactivating autopickup; reactivate with Ctrl-A.
Something hits you but does no damage.
A sky beast appears from thin air!
Reactivating autopickup.
The sky beast hits you.
* * * LOW HITPOINT WARNING * * *
The sky beast shocks you.
You die...

..........
#.........
#[........
#..O......
#.........
#.........
#.........
#.........
#@Y.......
#######.........
#........#######
#........#
#........#
#........#
#.......[+
#≈.......#
##+##(..<....##


You could see a sky beast and an ogre.

Vanquished Creatures
  A howler monkey (D:4)
  Natasha (D:4)
  A worker ant zombie (D:4)
  Robin (D:2)
  2 adders
  2 oozes (D:3)
  A worm (D:4)
  A dart slug (D:1)
  2 leopard geckos
  10 orcs
  5 giant cockroaches
  9 hobgoblins
  6 jackals (D:3)
  A quokka (D:2)
  3 ball pythons
  7 bats
  6 frilled lizards
  12 goblins
  11 kobolds
  A leopard gecko skeleton (D:4)
  14 rats
  A plant (D:2)
98 creatures vanquished.

Vanquished Creatures (others)
  2 plants (D:2)
2 creatures vanquished.

Grand Total: 100 creatures vanquished

Notes
Turn   | Place    | Note
-------+----------+-------------------------------------------
     0 | D:1      | Amnesiac the Mummy Ice Elementalist began the quest for the
                  | Orb.
     0 | D:1      | Reached XP level 1. HP: 13/13 MP: 4/4
   263 | D:1      | Reached XP level 2. HP: 16/19 MP: 3/5
   557 | D:2      | Reached XP level 3. HP: 18/24 MP: 3/7
   664 | D:2      | Noticed Robin
   719 | D:2      | Killed Robin
  1451 | D:1      | Reached XP level 4. HP: 30/30 MP: 9/9
  1479 | D:1      | Reached skill level 1 in Slings
  2482 | D:3      | Reached XP level 5. HP: 35/35 MP: 10/10
  2571 | D:3      | Found a glowing golden altar of the Shining One.
  3338 | D:4      | Noticed Natasha
  3348 | D:4      | Killed Natasha
  3425 | D:4      | Found a shadowy altar of Dithmenos.
  3478 | D:4      | Found a bloodstained altar of Trog.
  3551 | D:5      | Entered Level 5 of the Dungeon
  3552 | D:5      | Noticed a sky beast
  3572 | D:5      | Upgraded the game from 0.23-a0-143-g1adec7b to
                  | 0.23-a0-151-gf6d1ed2
  3583 | D:5      | Noticed an ogre
  3585 | D:5      | Slain by a sky beast

Vault maps used:
D:1:      minmay_arrival_pointy, solitary_fountain
D:2:      first_ration, serial_bayou_lake_a, uniq_robin
D:3:      tso_oasis_becter
D:4:      marbit_many_paths, lightli_temple_of_fire, uniq_natasha
D:5:      grunt_gozag_statues

Skill      XL: |  1  2  3  4  5 |
---------------+----------------+-----
Ice Magic      | 3 |  3.5
Spellcasting   | 3 |  3.4
Slings         | 2 3 |  3.4
Dodging        | |  1.5
Stealth        | |  1.5
Conjurations   | |  0.7

Action                   |  1- 3 |  4- 6 || total
-------------------------+-------+-------++-------
Melee: Unarmed           |     1 |       ||     1
       Falchion          |    77 |       ||    77
 Fire: Hunting sling     |    89 |   138 ||   227
 Cast: Freeze            |    34 |    19 ||    53
  Use: Scroll            |       |     4 ||     4
Armor: Robe              |    11 |       ||    11
       Scale mail        |       |    33 ||    33
Dodge: Dodged            |    32 |    26 ||    58

Table legend:
 A = Non-vault XP
 B = Vault XP
 C = Vault XP percentage of total XP
 D = Non-vault monster count
 E = Vault monster count
 F = Vault count percentage of total count
                 A         B        C        D         E       F
            +---------+---------+-------+---------+---------+-------
      Total |     256 |      63 |  19.7 |      87 |      10 |  10.3
            +---------+---------+-------+---------+---------+-------
        D:1 |      41 |       0 |   0.0 |      26 |       0 |   0.0
        D:2 |      44 |      27 |  38.0 |      20 |       8 |  28.6
        D:3 |      92 |       0 |   0.0 |      36 |       0 |   0.0
        D:4 |      76 |      36 |  32.1 |       4 |       2 |  33.3
        D:5 |       3 |       0 |   0.0 |       1 |       0 |   0.0
            +---------+---------+-------+---------+---------+-------
